Map: 트라이튼 - 래더

Players

soO - Winner!

  • Race: Zerg Zerg
  • Spawn Location: 5:00

RazerBlader

  • Race: Terran Terran
  • Spawn Location: 11:00

Event: IEM Katowice 2020

VOD

Have the link to the VOD?

Description

Time

  • Played on: Feb. 25, 2020, 4:10 a.m.
  • Length: 9:22

All games in this series

Show
View Real Time Build Order
Export as new Build Order

soO Zerg - Winner!

Build Orders: Hatch First, Muta Ling Bane 

Get SALT Encoding   

  12  0:00  Drone  
  13  0:12  Overlord  
  13  0:16  Drone  
  14  0:30  Drone x2  
  16  0:47  Hatchery  
  15  0:50  Drone  
  15  0:54  Drone  
  17  0:57  Drone  
  18  1:08  Extractor  
  17  1:12  Spawning Pool  
  17  1:15  Drone  
  17  1:18  Drone  
  18  1:28  Drone  
  19  1:38  Drone  
  20  1:48  Overlord  
  20  1:59  Zergling x2, Queen x2  
  20  2:00  Zergling x2  
  26  2:09  Drone  
  26  2:10  Drone  
  28  2:24  Drone  
  28  2:26  Drone, Metabolic Boost  
  30  2:32  Hatchery  
  29  2:42  Queen  
  31  2:45  Drone  
  31  2:46  Overlord  
  31  2:49  Drone  
  33  2:52  Drone  
  33  2:55  Drone  
  33  2:58  Drone  
  36  3:08  Drone x3  
  36  3:09  Drone  
  40  3:15  Overlord  
  40  3:18  Queen  
  42  3:21  Drone  
  42  3:25  Drone  
  44  3:35  Drone  
  44  3:36  Drone x2  
  47  3:44  Drone  
  47  3:45  Drone, Queen  
  47  3:48  Zergling x4  
  53  3:50  Lair  
  53  3:52  Drone x3  
  53  3:53  Drone  
  53  3:54  Extractor  
  56  3:57  Queen  
  58  4:03  Overlord  
  58  4:05  Overlord  
  58  4:07  Overlord  
  58  4:09  Overlord  
  58  4:18  Overlord  
  58  4:25  Drone x7  
  58  4:27  Drone x2  
  58  4:28  Drone  
  58  4:29  Drone  
  69  4:34  Drone x4  
  73  4:39  Drone  
  73  4:41  Baneling Nest  
  73  4:43  Drone x2  
  73  4:44  Extractor  
  74  4:48  Extractor  
  74  4:49  Spore Crawler, Drone  
  74  4:50  Overseer  
  73  4:54  Queen  
  73  4:57  Spore Crawler, Drone  
  73  4:59  Spore Crawler  
  74  5:01  Drone x2  
  74  5:02  Drone x2  
  74  5:04  Drone  
  74  5:05  Drone  
  80  5:11  Drone x4  
  84  5:18  Spire, Drone x2  
  84  5:24  Baneling  
  84  5:25  Baneling x3  
  84  5:28  Drone x2  
  84  5:29  Extractor x2, Baneling  
  84  5:30  Zergling x10  
  89  5:40  Overlord  
  89  5:44  Zergling x10  
  89  5:47  Zergling x2  
  90  5:53  Zergling x2  
  88  6:01  Overlord  
  88  6:02  Overlord x2  
  88  6:04  Overlord  
  88  6:05  Overlord  
  88  6:07  Overlord  
  88  6:10  Overlord  
  88  6:11  Centrifical Hooks  
  88  6:14  Drone  
  89  6:20  Drone  
  89  6:21  Drone  
  89  6:25  Drone x2  
  89  6:28  Hatchery  
  89  6:30  Evolution Chamber  
  89  6:31  Evolution Chamber  
  86  6:33  Mutalisk x3  
  86  6:35  Mutalisk x2  
  96  6:41  Mutalisk x3  
  96  6:42  Overlord  
  102  6:47  Hatchery  
  101  6:54  Overlord  
  101  6:55  Drone x8  
  101  6:56  Zerg Ground Armor Level 1, Zerg Melee Weapons Level 1  
  109  7:02  Drone  
  109  7:05  Queen  
  112  7:09  Zergling x8  
  112  7:12  Zerg Flyer Weapons Level 1  
  116  7:19  Zergling x18  
  125  7:24  Extractor  
  124  7:34  Overseer  
  124  7:37  Drone x4  
  128  7:44  Zergling x2  
  128  7:45  Zergling x20  
  128  7:50  Hatchery  
  138  7:53  Mutalisk x4  
  146  7:59  Mutalisk x2  
  146  8:01  Drone x2  
  152  8:10  Mutalisk x2  
  157  8:12  Zergling x2  
  157  8:13  Zergling x8  
  157  8:14  Pneumatized Carapace, Overlord  
  157  8:15  Overlord  
  161  8:21  Zergling x10  
  161  8:23  Overlord  
  166  8:27  Overlord  
  166  8:28  Overlord  
  166  8:34  Infestation Pit  
  165  8:44  Zergling x2  
  165  8:45  Zergling x20  
  169  8:49  Mutalisk x4  
  169  8:51  Zergling x6  
  161  8:59  Zergling x8  
  158  9:03  Overseer  
Show
View Real Time Build Order
Export as new Build Order

RazerBlader Terran 

Build Orders: Hellion Opening, Reaper Expand 

Get SALT Encoding   

  12  0:00  SCV  
  13  0:12  SCV  
  14  0:17  Supply Depot  
  14  0:24  SCV  
  15  0:38  SCV  
  15  0:40  Barracks  
  16  0:43  Refinery  
  16  0:50  SCV  
  17  1:02  SCV  
  18  1:15  SCV  
  19  1:27  Orbital Command, Reaper  
  20  1:40  Command Center  
  20  1:49  Supply Depot  
  20  1:53  SCV  
  21  1:59  Marine  
  22  2:05  SCV  
  23  2:12  Factory  
  23  2:16  Refinery  
  23  2:18  SCV  
  24  2:24  Barracks Reactor  
  24  2:30  SCV  
  25  2:42  SCV  
  26  2:51  Orbital Command  
  26  2:54  SCV  
  26  2:57  Starport  
  27  3:06  Hellion x2  
  27  3:11  Supply Depot  
  27  3:12  Marine  
  32  3:13  SCV  
  32  3:18  SCV  
  34  3:25  SCV  
  35  3:29  Hellion x2  
  35  3:30  SCV  
  40  3:36  Fusion Core  
  40  3:37  SCV  
  41  3:42  SCV  
  41  3:43  Marine, Starport Tech Lab  
  41  3:48  Supply Depot  
  43  3:49  SCV  
  43  3:54  SCV, Hellion x2  
  49  4:02  SCV  
  50  4:06  SCV  
  51  4:14  SCV  
  52  4:19  Supply Depot, Hellion x2  
  57  4:28  Battlecruiser  
  62  4:38  Command Center  
  62  4:41  Armory  
  62  4:44  SCV  
  62  4:45  SCV  
  64  4:48  Hellion  
  64  4:50  Hellion  
  68  4:54  Supply Depot  
  68  4:55  Barracks Tech Lab  
  68  4:58  SCV  
  68  4:59  SCV  
  70  5:16  SCV  
  70  5:19  SCV  
  70  5:20  Barracks  
  72  5:21  Barracks  
  72  5:22  Engineering Bay  
  72  5:23  Factory Reactor  
  72  5:24  Refinery x2, Engineering Bay  
  72  5:28  SCV  
  73  5:41  SCV  
  72  5:45  SCV  
  72  5:46  Marine  
  72  5:49  Terran Infantry Weapons Level 1  
  69  5:50  Terran Infantry Armor Level 1  
  69  5:53  SCV  
  69  5:55  Orbital Command  
  66  5:57  SCV  
  57  6:04  Starport Reactor  
  57  6:05  SCV  
  57  6:07  Marine  
  57  6:08  Stimpack  
  57  6:09  SCV  
  60  6:12  Marine x2  
  60  6:17  SCV  
  60  6:18  Barracks  
  63  6:19  Marine  
  63  6:20  Marine, Barracks  
  63  6:22  SCV  
  63  6:25  Marine  
  67  6:27  Siege Tank  
  67  6:29  SCV  
  67  6:30  Marine x2  
  73  6:34  SCV  
  73  6:37  Marine  
  73  6:38  Marine, Orbital Command  
  73  6:39  Supply Depot  
  76  6:40  Supply Depot  
  76  6:41  Missile Turret  
  76  6:42  Missile Turret  
  76  6:45  Marine  
  77  6:47  Missile Turret  
  77  6:48  Marine  
  77  6:49  SCV  
  77  6:51  Medivac  
  77  6:53  Medivac  
  83  6:54  SCV  
  83  6:57  Marine x3  
  87  7:02  Missile Turret  
  87  7:04  SCV x2  
  87  7:06  SCV, Barracks Reactor  
  87  7:07  Barracks Reactor  
  90  7:09  Marine  
  90  7:10  Marine  
  92  7:16  SCV x2  
  92  7:18  Drilling Claws  
  92  7:20  Marine x2, Thor  
  102  7:25  Marine  
  102  7:26  Supply Depot  
  102  7:27  Marine, Medivac  
  106  7:30  Supply Depot  
  106  7:32  Medivac  
  106  7:35  SCV  
  106  7:36  SCV x2  
  108  7:39  Missile Turret  
  108  7:41  Refinery  
  108  7:42  Marine  
  109  7:44  Marine  
  109  7:47  SCV  
  109  7:48  SCV  
  109  7:49  Marine  
  109  7:50  Combat Shield  
  113  7:51  SCV  
  113  7:53  Marine x2  
  113  7:54  Marine  
  113  7:55  Factory  
  117  7:59  SCV  
  117  8:00  SCV, Marine x3  
  117  8:03  SCV  
  123  8:06  Marine  
  123  8:11  SCV  
  123  8:12  SCV  
  126  8:13  Supply Depot  
  126  8:15  SCV  
  126  8:18  Marine x2  
  128  8:22  Marine x2  
  128  8:23  SCV  
  128  8:24  SCV  
  128  8:26  Marine x2  
  128  8:27  Marine, SCV  
  133  8:33  Marine  
  133  8:34  Marine  
  133  8:36  Marine x2  
  133  8:40  Marine x2  
  129  8:44  Marine x2  
  129  8:48  Marine  
  121  8:51  Marine  
  121  8:52  Marine  
  121  8:54  Marine x2  
  96  8:58  Marine x2  
  96  9:02  Marine x2  
  92  9:03  SCV x3  
  83  9:16  Factory Reactor  

Tags
 
Add a new tag
Caveats
  • Supply blocks, unpowered buildings, or Contaminate may cause inaccurate times.
  • Supply counts are checked every 10 seconds.